 Dungeon Crawl Stone Soup version 0.27-a0-681-g0c81a3c1c3 (webtiles) character file.

Game seed: 11081753129168549292

25 robertstho the Shield-Bearer (level 2, -1/28 HPs)
             Began as a Deep Dwarf Fighter on Mar 19, 2021.
             Slain by an ogre
             ... wielding a +0 giant club
              (11 damage)
             ... on level 6 of the Dungeon.
             The game lasted 00:00:59 (760 turns).

robertstho the Shield-Bearer (Deep Dwarf Fighter)    Turns: 760, Time: 00:00:59

Health: -1/28      AC: 11    Str: 19    XL:     2   Next: 82%
Magic:  2/2        EV:  7    Int:  8    God:
Gold:   85         SH:  9    Dex: 12    Spells: 1/1 levels left

rFire    . . .     SeeInvis .   a - +0 war axe
rCold    . . .     Faith    .   c - +0 kite shield
rNeg     . . .     Spirit   .   b - +0 scale mail
rPois    .         Reflect  .   (no helmet)
rElec    .         Harm     .   i - +2 cloak
rCorr    .         Rampage  +   (no gloves)
Will     .....                  f - +0 pair of boots {rampage}
Stlth    ..........             (no amulet)
HPRegen  0.00/turn              (no ring)
MPRegen  0.08/turn              (no ring)

@: mighty, non-regenerating
A: damage resistance, heal wounds, sense surroundings 1, no regeneration
a: Heal Wounds


You were on level 6 of the Dungeon.
You visited 1 branch of the dungeon, and saw 4 of its levels.

You collected 85 gold pieces.

Inventory:

Hand Weapons
 a - a +0 war axe (weapon)
Armour
 b - a +0 scale mail (worn)
 c - a +0 kite shield (worn)
 f - a +0 pair of boots of rampaging (worn)
 i - a +2 cloak (worn)
Scrolls
 j - a scroll of summoning {unknown}
 l - a scroll of enchant weapon {unknown}
 m - a scroll of vulnerability {unknown}
Potions
 e - a potion of magic {unknown}
 g - a potion of degeneration {unknown}
 h - a potion of brilliance {unknown}
 k - a potion of curing {unknown}


   Skills:
 + Level 3.1 Fighting
 + Level 2.5 Axes
 + Level 3.4 Armour
 + Level 3.7 Shields


You had one spell level left.
You didn't know any spells.
Your spell library was empty.

Dungeon Overview and Level Annotations

Branches:
Dungeon (2/15)

Altars:
Ru


Innate Abilities, Weirdness & Mutations

You are resistant to damage.
You can heal yourself by infusing magical energy.
You passively map a small area around you.
You do not regenerate.


Message History

You kill the orc!
You hit the rat.
You kill the rat!
The frilled lizard bites you but does no damage.
Unknown command.
You feel much better.
The frilled lizard bites you but does no damage.
You barely miss the frilled lizard. You block the frilled lizard's attack.
The frilled lizard closely misses you.
You barely miss the frilled lizard. You block the frilled lizard's attack.
You slash the frilled lizard!
You kill the frilled lizard!
Things that are here:
a +1 flail of protection; a +0 leather armour; a frilled lizard corpse
Things that are here:
a +1 flail of protection; a +0 leather armour; a frilled lizard corpse You now have 85 gold pieces (gained 7).
Found a spear.
Things that are here:
a +0 club; a kobold corpse; a rat corpse
Things that are here:
a +1 flail of protection; a +0 leather armour; a frilled lizard corpse
m - a scroll labelled HEERUTT JOSOF
Found 11 stones.
You fall into a shaft and drop 3 floors!
The shaft crumbles and collapses.
An ogre comes into view. It is wielding a +0 giant club.
The ogre shouts!
Something shouts, "Submit, thou dissembling fault-botching varlet!"
Found 7 gold pieces.
You feel very mighty all of a sudden.
You slice the ogre!!
The ogre is severely wounded.
A white imp comes into view.
The ogre hits you with a +0 giant club!!
Ouch! That really hurt!
You hit the ogre.
The ogre is severely wounded.
You block the ogre's attack. The ogre hits you with a +0 giant club!
You die...

* ##.#######
*
...#.....##
.......$..##
...........#
...........#
,,
..5........#
,
...........#
......O@...#
*
#..........#
,
#.........##
#.##.....##
, ., #######
, *


You could see an ogre and a white imp.

Vanquished Creatures
  An ooze (D:3)
  A leopard gecko (D:3)
  An orc (D:3)
  A giant cockroach (D:2)
  2 goblins (D:1)
  A hobgoblin (D:1)
  4 kobolds
  2 quokkas (D:1)
  2 frilled lizards
  4 rats
19 creatures vanquished.

Notes
Turn   | Place    | Note
-------+----------+-------------------------------------------
     0 | D:1      | robertstho the Deep Dwarf Fighter began the quest for the
                  | Orb.
     0 | D:1      | Reached XP level 1. HP: 20/20 MP: 1/1
   514 | D:1      | Reached XP level 2. HP: 20/27 MP: 2/2
   696 | D:2      | You fall into a shaft and drop 1 floor!
   700 | D:3      | Found a sacrificial altar of Ru.
   755 | D:3      | You fall into a shaft and drop 3 floors!
   755 | D:6      | Noticed an ogre
   760 | D:6      | Slain by an ogre

Illustrated notes

Levels and vault maps discovered:
D:1:      dpeg_arrival_stonehenge_8_columns, layout_basic
D:2:      layout_loops_corners, lemuel_doored_altar,
          grunt_dithmenos_smoke_and_mirrors, chequers_ecumenical_altar_grove,
          minmay_misc_feat_doors
D:3:      layout_rooms, old_standard_altar, gammafunk_temple_overflow_pools,
          ebering_ghost_disaster_area, chequers_serial_rivers_large_a,
          minmay_box_of_dots
D:6:      layout_rooms, basic_altar, minmay_microvault

Skill      XL: |  1  2 |
---------------+-------+-----
Fighting       | 3 |  3.1
Axes           | |  2.5
Armour         | |  3.4
Shields        | |  3.7

Action                   || total
-------------------------++-------
Melee: War axe           ||    56
 Abil: Heal Wounds       ||     1
  Use: Potion            ||     1
Armor: Scale mail        ||    26
Dodge: Dodged            ||    14
Block: Kite shield       ||    32

Table legend: (Time is in decaauts)
 A = Elapsed time spent in this place.
 B = Non-inter-level travel time spent in this place.
 C = Inter-level travel time spent in this place.
 D = Time resting spent in this place.
 E = Time spent auto-exploring this place.
 F = Levels seen in this place.
 G = Mean time per level.
                   A        B        C        D        E       F      G
               +--------+--------+--------+--------+--------+-----+--------+
         Total |    793 |    703 |     90 |      0 |    555 |   4 |  198.2 |
       Dungeon |    793 |    703 |     90 |      0 |    555 |   4 |  198.2 |
               +--------+--------+--------+--------+--------+-----+--------+

Top non-repeatable levels by time:
     D:1: 654 daAuts
     D:3: 70 daAuts
     D:2: 62 daAuts
     D:6: 5 daAuts
